 Dungeon Crawl Stone Soup version 0.21-a0-507-ga8f6b7a (webtiles) character file.

1709 slep the Spear-Bearer (level 8, 0/61 HPs)
             Began as a Demonspawn Gladiator on Nov 28, 2017.
             Was a Priest of Okawaru.
             Killed from afar by an orc wizard (7 damage)
             ... with a magic dart
             ... on level 7 of the Dungeon.
             The game lasted 00:29:23 (6670 turns).

slep the Spear-Bearer (Demonspawn Gladiator)        Turns: 6670, Time: 00:29:23

Health: 0/61       AC: 11    Str: 19 (20) XL:     8   Next: 74%
Magic:  8/8        EV: 11    Int:  5 (7)  God:    Okawaru [***...]
Gold:   347        SH:  0    Dex: 17 (19) Spells: 7/7 levels left

rFire    . . .     SeeInvis .   a - +0 trident
rCold    . . .     Gourm    .   (no shield)
rNeg     . . .     Faith    .   r - +0 chain mail
rPois    .         Spirit   .   c - +0 helmet
rElec    .         Reflect  .   G - scarf {cloud immunity}
rCorr    .         Harm     .   i - +0 pair of gloves
MR       +....                  (no boots)
Stlth    ..........             C - amulet of rage
HPRegen  0.20/turn              x - ring of wizardry
MPRegen  0.11/turn              E - ring of protection from magic

@: mighty
A: claws 2, agile 1, dopey 1, sturdy frame 2
a: Heroism, Renounce Religion, Evoke Berserk Rage


You were on level 7 of the Dungeon.
You worshipped Okawaru.
Okawaru was most pleased with you.
You were not hungry.

You visited 1 branch of the dungeon, and saw 7 of its levels.

You collected 347 gold pieces.

Inventory:

Hand Weapons
 a - a +0 trident (weapon)
Missiles
 d - 2 throwing nets (quivered)
 o - 14 poisoned needles
 q - 7 needles of sleeping
Armour
 b - a +0 leather armour
 c - a +0 helmet (worn)
 i - a +0 pair of gloves (worn)
 r - a +0 chain mail (worn)
 G - a scarf of cloud immunity (worn)
Jewellery
 x - a ring of wizardry (left hand)
 C - an amulet of rage (around neck)
 E - a ring of protection from magic (right hand)
Wands
 e - a wand of digging (5)
 s - a wand of random effects (25)
 v - a wand of paralysis (6)
Scrolls
 j - 7 scrolls of remove curse {unknown}
 l - 3 scrolls of random uselessness {unknown}
 m - a scroll of enchant armour {unknown}
 p - 8 scrolls of identify {unknown}
 u - 2 scrolls of blinking {unknown}
 w - 3 scrolls of amnesia {unknown}
 y - 2 scrolls of magic mapping {unknown}
 B - 2 scrolls of teleportation {unknown}
 F - a scroll of immolation {unknown}
Potions
 h - 2 potions of heal wounds
 n - a potion of cancellation
 D - a potion of invisibility
Comestibles
 f - 6 bread rations
 g - 7 fruits
 t - 3 meat rations
 z - 3 royal jellies


   Skills:
 + Level 4.5 Fighting
 + Level 8.0 Polearms
 + Level 2.1 Throwing
 + Level 4.1 Armour
 + Level 4.0 Dodging
 + Level 1.9 Stealth


You had 7 spell levels left.
You didn't know any spells.

Dungeon Overview and Level Annotations

Branches:
Dungeon (7/15)             Temple (0/1) D:5

Altars:
Ashenzari
Dithmenos
Fedhas
Gozag
Makhleb
Nemelex Xobeh
Okawaru
Qazlal
Ru
Sif Muna
Trog
Vehumet
Wu Jian
The Shining One


Innate Abilities, Weirdness & Mutations

You have very sharp fingernails.
Your movements are less encumbered by armour. (ER -4)
You are agile. (Dex +2)
You are dopey. (Int -2)


Message History

* * * LOW HITPOINT WARNING * * *
Evoke which item? (* to show all) (? for menu, Esc to quit)
Aiming: Paralyse
Press: ? - help, Shift-Dir - straight line, f/p - orc warrior
Aim: an orc warrior, wielding a halberd and wearing a plate armour (moderately wounded, chance to defeat MR: 46%)
The orc warrior suddenly stops moving!
The orc hits you but does no damage.
Attack whom?
Press: ? - help, Dir - move target cursor, f - orc wizard, p - orc warrior
Aim: an orc wizard, wielding a dagger and wearing a robe You reach to attack!
You puncture the orc wizard!
The orc wizard is almost dead.
The orc hits you but does no damage.
Attack whom?
Press: ? - help, Dir - move target cursor, f/p - orc wizard
Aim: an orc wizard, wielding a dagger and wearing a robe (almost dead)
You reach to attack!
You barely miss the orc wizard.
The orc wizard is almost dead.
The orc wizard points at you and mumbles some strange words.
The magic dart hits you!
You die...

..#....#####. ..#......#...
..#......# .. #.......##
#.######+## #..#.#..# #..#..#...#
.#......# #..#..#)..# .......##
#..#'##.).# # .......#
#.....##)##.+ .......#
##'#.@o).)..# #
.......#####..##'#..#+## .###
........#(.').#oo#### ....
........#†.####oo#(.# ..#..
.<......'..#P.#.o').########.....
.#......####..##'#'##...o.)......
####...............o....o.o).....
###...#..............o..o#####.§.
.........###.....#######.....


You could see an orc warrior (paralysed), an orc wizard and 4 orcs.

Vanquished Creatures
  Sigmund (D:5)
  A necrophage (D:6)
  An ogre (D:7)
  3 phantoms
  A bullfrog (D:6)
  A scorpion (D:6)
  A water moccasin skeleton (D:7)
  A jelly (D:6)
  A howler monkey (D:6)
  3 crimson imps
  3 hounds
  An orc priest (D:6)
  A gnoll shaman (D:5)
  3 orc wizards
  6 worker ants
  A hound zombie (D:7)
  2 hound skeletons
  A worker ant zombie (D:6)
  11 adders
  7 gnolls
  3 oozes (D:2)
  3 adder skeletons
  2 worms
  4 dart slugs
  4 leopard geckos
  29 orcs
  3 bats
  4 giant cockroaches
  9 hobgoblins
  9 jackals
  10 kobolds
  2 quokkas
  2 ball pythons
  7 frilled lizards
  11 goblins
  10 rats
  A fungus (D:2)
163 creatures vanquished.

Vanquished Creatures (others)
  A plant (D:7)
1 creature vanquished.

Grand Total: 164 creatures vanquished

Notes
Turn   | Place    | Note
-------+----------+-------------------------------------------
     0 | D:1      | slep the Demonspawn Gladiator began the quest for the Orb.
     0 | D:1      | Reached XP level 1. HP: 16/16 MP: 1/1
   145 | D:1      | Reached skill level 3 in Polearms
   145 | D:1      | Gained mutation: You have sharp fingernails. [demonic ancestry]
   145 | D:1      | Reached XP level 2. HP: 17/22 MP: 2/2
   326 | D:1      | Gained mutation: Your movements are slightly less encumbered by armour. (ER -2) [demonic ancestry]
   326 | D:1      | Reached XP level 3. HP: 5/27 MP: 3/3
   816 | D:2      | Found an iron altar of Okawaru.
   816 | D:2      | Found a bloodstained altar of Trog.
   823 | D:2      | Became a worshipper of Warmaster Okawaru
  1060 | D:2      | Reached XP level 4. HP: 29/34 MP: 4/4
  1198 | D:2      | Reached skill level 1 in Armour
  1371 | D:2      | Found a stormy altar of Qazlal.
  1371 | D:2      | Found an opulent altar of Gozag.
  1372 | D:2      | Found a sparkling altar of Nemelex Xobeh.
  1432 | D:2      | Found a blossoming altar of Fedhas.
  1755 | D:2      | Found a glowing golden altar of the Shining One.
  1762 | D:2      | Found a deep blue altar of Sif Muna.
  1863 | D:3      | Noticed a phantom
  1909 | D:3      | Killed a phantom
  1909 | D:3      | Reached skill level 4 in Polearms
  1909 | D:3      | Gained mutation: You have very sharp fingernails. [demonic ancestry]
  1909 | D:3      | Reached XP level 5. HP: 13/39 MP: 5/5
  3496 | D:5      | Entered Level 5 of the Dungeon
  3518 | D:5      | Reached * piety under Okawaru
  3518 | D:5      | Reached XP level 6. HP: 37/46 MP: 6/6
  3556 | D:4      | Found an ornate altar of the Wu Jian Council.
  4225 | D:5      | Reached skill level 5 in Polearms
  4351 | D:5      | Found a staircase to the Ecumenical Temple.
  4353 | D:5      | Noticed Sigmund
  4366 | D:5      | Gained mutation: You are dopey. (Int -2) [potion of mutation]
  4366 | D:5      | Gained mutation: You are agile. (Dex +2) [potion of mutation]
  4396 | D:5      | Killed Sigmund
  4396 | D:5      | Reached ** piety under Okawaru
  4396 | D:5      | Reached skill level 1 in Stealth
  4396 | D:5      | Reached XP level 7. HP: 22/52 MP: 7/7
  4422 | D:5      | Reached skill level 6 in Polearms
  4800 | D:5      | Found a sacrificial altar of Ru.
  4822 | D:5      | Found a shattered altar of Ashenzari.
  4902 | D:5      | Found a shadowy altar of Dithmenos.
  5368 | D:6      | Gained mutation: Your movements are less encumbered by armour. (ER -4) [demonic ancestry]
  5368 | D:6      | Reached XP level 8. HP: 22/60 MP: 8/8
  5557 | D:6      | Reached skill level 7 in Polearms
  6204 | D:6      | Found a burning altar of Makhleb.
  6209 | D:6      | Found a radiant altar of Vehumet.
  6304 | D:6      | Found an iron altar of Okawaru.
  6382 | D:7      | Reached *** piety under Okawaru
  6620 | D:7      | Reached skill level 8 in Polearms
  6670 | D:7      | Killed from afar by an orc wizard

Vault maps used:
D:1:      zelgadis_glass_arrival_small, solitary_fountain, minmay_bisected
D:2:      minmay_wonky_spiral, gammafunk_temple_overflow_pools, fedhas_altar_3,
          gammafunk_temple_overflow_forgotten, amethyst_overflow_temple_binary
D:4:      minmay_door_path, lemuel_doored_altar
D:5:      nicolae_dithmenos_through_a_glass_darkly,
          nicolae_overflow_crystal_walls, minmay_temple_entry_glass,
          first_bread, basic_altar, uniq_sigmund
D:6:      grunt_temple_overflow_lords_of_destruction, basic_altar
D:7:      corexii_shantytown

Skill      XL: |  1  2  3  4  5  6  7  8 |
---------------+-------------------------+-----
Throwing       | 2 |  2.1
Polearms       | 3 4 5 6 8 |  8.0
Dodging        | 3 4 |  4.0
Armour         | 1 2 3 4 |  4.1
Fighting       | 3 4 |  4.5
Stealth        | 1 |  1.9

Action                   |  1- 3 |  4- 6 |  7- 9 || total
-------------------------+-------+-------+-------++-------
Melee: Trident           |   140 |   287 |   447 ||   874
Throw: Throwing net      |       |       |     1 ||     1
Evoke: Wand              |       |       |     1 ||     1
  Use: Potion            |       |     6 |     6 ||    12
 Stab: Sleeping          |     1 |       |       ||     1
       Invisible         |       |     5 |       ||     5
       Held in net/web   |       |       |     1 ||     1
  Eat: Chunk             |       |    11 |     9 ||    20
Armor: Leather armour    |    46 |    12 |       ||    58
       Chain mail        |       |    97 |   206 ||   303
       Skin              |       |       |    31 ||    31
Dodge: Dodged            |    90 |   132 |   208 ||   430

Table legend:
 A = Spawn XP
 B = Non-spawn XP
 C = Spawn XP percentage of total XP
 D = Spawn monster count
 E = Non-spawn monster count
 F = Spawn count percentage of total count
 G = Total turns spent on level
                    A         B        C        D         E        F      G
               +---------+---------+-------+---------+---------+-------+---------
         Total |       0 |    2442 |   0.0 |       0 |     162 |   0.0 |  6670
               +---------+---------+-------+---------+---------+-------+---------
           D:1 |       0 |      48 |   0.0 |       0 |      29 |   0.0 |   710
           D:2 |       0 |      95 |   0.0 |       0 |      21 |   0.0 |  1153
           D:3 |       0 |     198 |   0.0 |       0 |      21 |   0.0 |  1452
           D:4 |       0 |      40 |   0.0 |       0 |       8 |   0.0 |   843
           D:5 |       0 |     694 |   0.0 |       0 |      20 |   0.0 |  1017
           D:6 |       0 |     794 |   0.0 |       0 |      32 |   0.0 |  1162
           D:7 |       0 |     573 |   0.0 |       0 |      31 |   0.0 |   333
               +---------+---------+-------+---------+---------+-------+---------
